 Dungeon Crawl Stone Soup version 0.29-a0-870-g2c972031a6 (webtiles) character file.

Game seed: 820396228251113141

56 xian the Trooper (level 3, 0/29 HPs)
             Began as a Demonspawn Abyssal Knight on July 18, 2022.
             Was a Believer of Lugonu.
             Slain by a necrophage (1 damage)
             ... on level 2 of the Dungeon.
             The game lasted 00:05:03 (1871 turns).

xian the Trooper (Demonspawn Abyssal Knight)        Turns: 1871, Time: 00:05:04

Health: 0/29       AC:  3    Str: 15    XL:     3   Next: 71%
Magic:  4/4        EV: 11    Int: 11    God:    Lugonu [**....]
Gold:   74         SH:  0    Dex: 13    Spells: 2/2 levels left

rFire   . . .      SeeInvis .   a - +1 falchion
rCold   . . .      Faith    .   (no shield)
rNeg    . . .      Spirit   .   b - +0 leather armour
rPois   .          Reflect  .   (no helmet)
rElec   .          Harm     .   (no cloak)
rCorr   .          Rampage  .   (no gloves)
Will    .....                   (no boots)
Stlth   +.........              (no amulet)
HPRegen 0.09/turn               (no ring)
MPRegen 0.09/turn               (no ring)

@: no status effects
A: weakness stinger 1
a: Renounce Religion, Depart the Abyss, Bend Space


You were on level 2 of the Dungeon.
You worshipped Lugonu.
Lugonu was pleased with you.
You visited 1 branch of the dungeon, and saw 3 of its levels.
You visited the Abyss 1 time.

You collected 74 gold pieces.

Inventory:

Hand Weapons
 a - a +1 falchion (weapon)
Missiles
 d - a poisoned dart (quivered)
Armour
 b - a +0 leather armour (worn)
Scrolls
 e - 2 scrolls of identify {unknown}
 g - 3 scrolls of brand weapon {unknown}
 h - a scroll of amnesia {unknown}
Potions
 c - a potion of berserk rage {unknown}
 f - a potion of curing {unknown}
 i - a potion of attraction {unknown}


   Skills:
 + Level 3.6 Fighting
 + Level 2.6 Long Blades
 + Level 2.4 Armour
 + Level 1.1 Dodging
 + Level 2.4 Invocations


You had 2 spell levels left.
You didn't know any spells.
Your spell library was empty.

Dungeon Overview and Level Annotations

Branches:
Dungeon (3/15)

Altars:


Innate Abilities, Weirdness & Mutations

You have a small tail.


Message History

You see here a poisoned dart.
d - a poisoned dart
There is a stone staircase leading down here.
You climb downwards.
The orc shouts!
Found 3 javelins, a short sword, a green potion and a murky golden potion.
There is a stone staircase leading up here.
You are too injured to fight recklessly!
Okay, then.
Throw: dart (poison)
Press: ? - help, Q - select action, (/) - cycle Shift-Dir - straight line, f - orc
Aim: an orc, wielding a +0 hand axe (57% to hit)
You throw a poisoned dart.
The poisoned dart barely misses the orc.
You hit the orc.
The orc is heavily wounded.
The orc hits you with a +0 hand axe.
* * * LOW HITPOINT WARNING * * *
You closely miss the orc.
The orc is heavily wounded.
The orc hits you with a +0 hand axe.
* * * LOW HITPOINT WARNING * * *
You hit the orc. You tail-slap the orc.
You kill the orc!
Lugonu accepts your kill.
You start resting.
A phantom comes into view.
You see here a +0 hand axe.
d - a poisoned dart
There are no items here.
Found a club.
You see here a green potion.
i - a green potion The phantom attacks as you move away!
The phantom closely misses you.
You can no longer banish your foes.
There is a stone staircase leading up here.
The phantom hits you!
* * * LOW HITPOINT WARNING * * *
You climb upwards.
The necrophage hits you.
You die...

# ############ #
#..........# #
#.........^###
#n...........# ####
#.@........#.###...
#W.........#.......
#.........†........
####.###..†...####.
#.# ######.# ## #.#
#.##### #.# #.....#
##.##### #####..
##......## ###


You could see a necrophage and a phantom.

Vanquished Creatures
  An adder (D:2)
  2 worms (D:2)
  3 dart slugs
  An orc (D:3)
  3 ball pythons (D:1)
  An endoplasm (D:1)
  2 giant cockroaches
  3 goblins (D:1)
  3 hobgoblins (D:1)
  4 jackals (D:1)
  A quokka (D:2)
  5 bats
  A frilled lizard (D:2)
  2 kobolds (D:1)
  A rat (D:1)
33 creatures vanquished.

Vanquished Creatures (others)
  10 plants (D:1)
10 creatures vanquished.

Grand Total: 43 creatures vanquished

Notes
Turn   | Place    | Note
-------+----------+-------------------------------------------
     0 | Abyss:1  | xian the Demonspawn Abyssal Knight began the quest for the
                  | Orb.
     0 | Abyss:1  | Reached XP level 1. HP: 18/18 MP: 2/2
     1 | D:1      | Escaped the Abyss
   322 | D:1      | Gained mutation: You have a small tail. [demonic ancestry]
   322 | D:1      | Reached XP level 2. HP: 14/24 MP: 3/3
  1288 | D:1      | Found a faded altar of an unknown god.
  1488 | D:2      | Reached XP level 3. HP: 24/29 MP: 4/4
  1504 | D:2      | Reached skill level 1 in Dodging
  1810 | D:2      | Reached *** piety under Lugonu
  1811 | D:2      | Noticed a necrophage
  1842 | D:3      | Noticed a phantom
  1870 | D:3      | HP: 1/29 [phantom (7)]
  1871 | D:2      | Slain by a necrophage

Illustrated notes

Levels and vault maps discovered:
D:1:      dpeg_arrival_erosion, layout_loops_cross,
          shapermc_ecumenical_altar_notcrosses, serial_forest,
          infiniplex_forest_clump_small, infiniplex_forest_diagonal,
          infiniplex_forest_pool, infiniplex_forest_lined_room_2,
          infiniplex_forest_corner_2, infiniplex_forest_clump_curved,
          infiniplex_forest_lined_3_way
D:2:      layout_rooms, minmay_octomino_j4
D:3:      layout_basic, serial_bayou_pond_d, minmay_misc_feat_hallway,
          dk_noncrumbling_4, uniq_crazy_yiuf_cottage

Skill      XL: |  1  2  3 |
---------------+----------+-----
Long Blades    | 2 |  2.6
Armour         | 2 |  2.4
Dodging        | 1 |  1.1
Fighting       | |  3.6
Invocations    | |  2.4

Action                   || total
-------------------------++-------
Melee: Falchion          ||    97
       Tailslap          ||    15
Throw: Dart              ||    12
Armor: Leather armour    ||    48
Dodge: Dodged            ||    80

Table legend: (Time is in decaauts)
 A = Elapsed time spent in this place.
 B = Non-inter-level travel time spent in this place.
 C = Inter-level travel time spent in this place.
 D = Time resting spent in this place.
 E = Time spent auto-exploring this place.
 F = Levels seen in this place.
 G = Mean time per level.
                   A        B        C        D        E       F      G
               +--------+--------+--------+--------+--------+-----+--------+
         Total |   1890 |   1845 |     45 |      7 |   1364 |   4 |  472.5 |
       Dungeon |   1889 |   1844 |     45 |      7 |   1364 |   3 |  629.7 |
         Abyss |      1 |      1 |      0 |      0 |      0 |   1 |    1.0 |
               +--------+--------+--------+--------+--------+-----+--------+

Top non-repeatable levels by time:
     D:1: 1491 daAuts
     D:2: 356 daAuts
     D:3: 41 daAuts
 Abyss:1: 1 daAuts
